 Dungeon Crawl Stone Soup version 0.14.0-7-g2801ba0 (webtiles) character file.

50 Ragg the Cudgeler (level 2, 17/17 HPs)
             Began as a Gargoyle Berserker on Apr 12, 2014.
             Was a Follower of Trog.
             Quit the game on Level 1 of the Dungeon.
             The game lasted 00:01:43 (529 turns).

Ragg the Cudgeler (Gargoyle Berserker)               Turns: 529, Time: 00:01:43

HP  17/17        AC  5     Str 20      XL: 2   Next: 12%
MP   2/2         EV 12     Int  5      God: Trog [*.....]
Gold 41          SH  0     Dex  9      Spells:  0 memorised,  1 level left

rFire  . . .     SeeInvis .     a - +0 mace
rCold  . . .     Clarity  .     d - +1 robe
rNeg   + . .     Conserve .     (no shield)
rPois  +         rCorr    .     (no helmet)
rElec  +         rRot     +     (no cloak)
SustAb . .       Spirit   .     (no gloves)
rMut   .         Warding  .     (no boots)
Saprov . . .     Rnd*Tele +     (no amulet)
MR     .....                    (no ring)
                                l - cursed ring of teleportation

@: not resistant to hostile enchantments, very unstealthy
A: deterioration 1, dopey 1, frail 1, life protection 1, electricity resistance,
unbreathing, petrification resistance, AC +2
a: Burn Spellbooks, Berserk, Renounce Religion, Evoke Teleportation


You were on level 1 of the Dungeon.
You worshipped Trog.
Trog was aware of your devotion.
You were not hungry.

You visited 1 branch of the dungeon, and saw 1 of its levels.

You collected 41 gold pieces.

Inventory:

Hand weapons
 a - a +0,+0 mace (weapon)
Missiles
 j - 26 stones (quivered)
Armour
 b - a +0 animal skin
 d - a +1 robe (worn)
Comestibles
 c - a bread ration
 f - an apple
 k - 2 meat rations
Jewellery
 l - a cursed ring of teleportation (left hand)
Potions
 m - a potion of restore abilities {unknown}


   Skills:
 - Level 3.2 Fighting
 + Level 4.0 Maces & Flails
 - Level 2.1 Armour
 - Level 1.5 Dodging


You had one spell level left.
You didn't know any spells.

Dungeon Overview and Level Annotations

Branches:
Dungeon (1/15)

Altars:
Xom


Innate Abilities, Weirdness & Mutations

You are resistant to torment.
You are immune to poison.
You are immune to rotting.
Your stone body is very resilient (AC +2).
You resist negative energy.
You are resistant to electric shocks.
You can survive without breathing.
You are immune to petrification.
Your body is slowly deteriorating.
You are dopey. (Int -2)
You are frail (-10% HP).


Message History

As you read the scroll labeled SAAR ULAHAMI, it crumbles to dust.
Your +0 robe glows green for a moment.
Read which item? (? for menu, Esc to quit)
As you read the scroll labeled ADIERPH SUREXU, it crumbles to dust.
It is a scroll of identify.
Identify which item? (\ to view known items) (? for menu, Esc to quit)
g - a potion of mutation You hit the giant newt.
You kill the giant newt!
Trog accepts your kill.
Your Maces & Flails skill increases to level 4!
No target in view!
No target in view!
No target in view!
No target in view!
No target in view!
Drink which item? (? for menu, Esc to quit)
You feel extremely strange.
You feel yourself wasting away.
You feel frail.
You feel stupid.
Are you sure you want to abandon this character and quit the game? (Confirm with "yes".)

#)##....###.##...##..#
##..####.#.##.###....#
.####....#.#.######.<#
#.##..##.##..#.##....#
#.#.####.###.#.#.##..#
#.##.##.###.##..######
##..####...######.#
.#### ##########.###
.# #.......@...# .#
#########.#.# .# #.#
.# #.#
.################.#
..................#
.#..###############
##..### ......#


There were no monsters in sight!

Vanquished Creatures
  2 bats (D:1)
  2 hobgoblins (D:1)
  A giant newt (D:1)
  A goblin (D:1)
  2 kobolds (D:1)
  A rat (D:1)
9 creatures vanquished.

Notes
Turn   | Place    | Note
--------------------------------------------------------------
     0 | D:1      | Ragg, the Gargoyle Berserker, began the quest for the Orb.
     0 | D:1      | Reached XP level 1. HP: 14/14 MP: 1/1
   124 | D:1      | Found a shimmering altar of Xom.
   275 | D:1      | Reached XP level 2. HP: 14/19 MP: 2/2
   527 | D:1      | Reached skill level 4 in Maces & Flails
   528 | D:1      | Gained mutation: Your body is slowly deteriorating. [potion of mutation]
   528 | D:1      | Gained mutation: You are frail (-10% HP). [potion of mutation]
   528 | D:1      | Gained mutation: You are dopey. (Int -2) [potion of mutation]
   529 | D:1      | Quit the game

Action                   || total
-------------------------++-------
Melee: Mace              ||    37
  Use: Scroll            ||     3
       Potion            ||     1
